AoeStats
← ikbendom

Four Lakes

510113514Analyzed
1v1 RM · 3d ago on Sep 29, 2026· 25m 10s· 2 players
Game mode
Random Map
Map size
Tiny (2 player)
Population
200
Speed
Normal
Resources
Standard
Victory
Conquest
Starting age
Dark Age
Ending age
Imperial Age
RankedLock teamsTeams togetherTeam positionsShared explorationLock speedFull tech treeHidden civsTurbo modeCheats
Victory
Defeat
🇦🇷 Tatars · Argentina
902
+16
🇳🇱 Persians · Netherlands
906
-35
Nikolao
8:02 Loom
12:00 Feudal Age
12:44 Double-Bit Axe
15:03 Wheelbarrow
16:35 Bloodlines
19:55 Castle Age
19:27 Fishing Lines
20:37 Husbandry
20:47 Gillnets
21:35 Gold Mining
21:56 Horse Collar
23:17 Scale Barding Armor
23:23 Forging
25:53 Hand Cart
ikbendom
13:06 Feudal Age
14:44 Wheelbarrow
13:55 Loom
15:14 Forging
15:10 Scale Barding Armor
16:09 Double-Bit Axe
17:11 Gold Mining
21:31 Castle Age
19:50 Stone Mining
19:41 Horse Collar
20:40 Fletching
21:26 Bloodlines
23:45 Iron Casting
Connection lost

Rejoining the realm…

Still unreachable

The connection could not be restored.

Session expired

The server has moved on; the page needs a fresh start.